 Dungeon Crawl Stone Soup version 0.21.1-1-g345015f (webtiles) character file.

334 Fang the Chopper (level 6, 0/39 HPs)
             Began as a Gargoyle Berserker on May 23, 2018.
             Was a Priest of Trog.
             Slain by an ufetubus (3 damage)
             ... summoned by Eustachio
             ... on level 4 of the Dungeon.
             The game lasted 00:03:48 (3204 turns).

Fang the Chopper (Gargoyle Berserker)               Turns: 3204, Time: 00:03:49

Health: 0/39       AC:  6    Str: 23    XL:     6   Next: 53%
Magic:  0/6        EV: 12    Int:  7    God:    Trog [***...]
Gold:   157        SH:  0    Dex:  9    Spells: 5/5 levels left

rFire    . . .     SeeInvis .   a - +0 hand axe
rCold    . . .     Gourm    .   (no shield)
rNeg     + . .     Faith    .   b - +0 animal skin
rPois    ∞         Spirit   +   (no helmet)
rElec    +         Reflect  .   (no cloak)
rCorr    +         Harm     .   (no gloves)
MR       .....                  (no boots)
Stlth    +.........             l - amulet of guardian spirit
HPRegen  0.13/turn              i - ring of resist corrosion
MPRegen  0.10/turn              (no ring)

@: berserk cooldown, slowed, very slow
A: negative energy resistance 1, electricity resistance, unbreathing,
petrification resistance, rot immunity, AC +4
a: Berserk, Trog's Hand, Burn Spellbooks, Renounce Religion


You were on level 4 of the Dungeon.
You worshipped Trog.
Trog was most pleased with you.
You were very hungry.

You visited 1 branch of the dungeon, and saw 4 of its levels.

You collected 157 gold pieces.

Inventory:

Hand Weapons
 a - a +0 hand axe (weapon)
Armour
 b - a +0 animal skin (worn)
Jewellery
 i - a ring of resist corrosion (left hand)
 l - an amulet of guardian spirit (around neck)
 n - an uncursed ring of flight {unknown}
 s - an uncursed ring of protection from magic {unknown}
Scrolls
 d - a scroll of amnesia
 e - a scroll of immolation {unknown}
 g - 2 scrolls of remove curse {unknown}
 o - a scroll of fear {unknown}
 p - 2 scrolls of identify
Potions
 f - a potion of berserk rage {unknown}
 h - 2 potions of invisibility
 j - 2 potions of curing {unknown}
 k - a potion of resistance {unknown}
 m - a potion of brilliance {unknown}
 r - a potion of ambrosia {unknown}
Comestibles
 c - 6 rations


   Skills:
 + Level 4.4 Fighting
 + Level 5.2 Axes
 + Level 2.3 Armour
 + Level 2.7 Dodging
 + Level 1.2 Stealth


You had 5 spell levels left.
You didn't know any spells.

Dungeon Overview and Level Annotations

Branches:
Dungeon (4/15)
 Temple: D:4-7

Altars:
Dithmenos
Hepliaklqana
Okawaru
Uskayaw
Yredelemnul
Zin

Annotations:
D:4 Eustachio


Innate Abilities, Weirdness & Mutations

You are resistant to torment.
Your stone body is resilient. (AC +4)
You are immune to poison.
You resist negative energy. (rN+)
You are resistant to electric shocks. (rElec)
You can survive without breathing.
You are immune to petrification.
You are immune to rotting.


Message History

The ufetubus hits you but does no damage.
The ufetubus hits you.
* * * LOW HITPOINT WARNING * * *
The ufetubus misses you. The quokka closely misses you.
Eustachio gestures wildly while chanting.
The ufetubus barely misses you. The ufetubus closely misses you.
The ufetubus hits you but does no damage.
The ufetubus misses you.
As you read the scroll labeled KOJ UJOHOJ, it crumbles to dust.
It is a scroll of identify.
h - 2 potions of invisibility The rat disappears in a puff of smoke!
The ufetubus hits you.
* * * LOW HITPOINT WARNING * * *
The ufetubus hits you.
* * * LOW HITPOINT WARNING * * *
The ufetubus misses you. The ufetubus hits you.
* * * LOW HITPOINT WARNING * * *
The quokka bites you but does no damage.
The ufetubus closely misses you. x2; The ufetubus hits you.
You die...

#.# ##########
#.#####........#
##.##....(..###.#
##...#.##........#
#......#####.#####
##...#.# #.#
##.##.# #.#
#.######r##.# #.#
#......5@...# #.##
## ########5####
#..# .# #.r.# ##.#
.# # # #..@§.#
#.### .# .#.##
#.......# ##...#
.###....##
#....r....####....#
..).......
+...r.....+.......#
..)......#
#.........####....#
.#.#.#.#.#
##.......## ##.#.#


You could see Eustachio, 3 river rats, 2 ufetubi and a quokka.

Vanquished Creatures
  An orc priest (D:4)
  3 orc wizards
  An iguana (D:3)
  A worker ant (D:4)
  7 adders
  4 dart slugs
  5 leopard geckos
  20 orcs
  6 bats
  3 giant cockroaches (D:3)
  7 goblins
  7 hobgoblins
  11 kobolds
  A ball python (D:3)
  5 frilled lizards
  3 rats
85 creatures vanquished.

Notes
Turn   | Place    | Note
-------+----------+-------------------------------------------
     0 | D:1      | Fang the Gargoyle Berserker began the quest for the Orb.
     0 | D:1      | Reached XP level 1. HP: 14/14 MP: 1/1
   289 | D:1      | Reached XP level 2. HP: 11/19 MP: 2/2
   482 | D:1      | Reached skill level 3 in Axes
   657 | D:1      | Reached XP level 3. HP: 19/24 MP: 3/3
   822 | D:2      | Reached ** piety under Trog
   854 | D:2      | Found an iron altar of Okawaru.
  1114 | D:2      | Reached XP level 4. HP: 29/29 MP: 4/4
  1146 | D:2      | Found a basalt altar of Yredelemnul.
  1248 | D:2      | Found a glowing silver altar of Zin.
  1249 | D:2      | Found a hide-covered altar of Uskayaw.
  1490 | D:3      | Reached skill level 4 in Axes
  1822 | D:3      | Reached XP level 5. HP: 33/33 MP: 5/5
  1834 | D:3      | Found a shadowy altar of Dithmenos.
  2022 | D:3      | Found a hazy altar of Hepliaklqana.
  2090 | D:3      | Reached *** piety under Trog
  2312 | D:3      | Reached XP level 6. HP: 32/39 MP: 2/6
  2654 | D:4      | Reached skill level 1 in Stealth
  2715 | D:4      | Reached skill level 5 in Axes
  3182 | D:4      | Noticed Eustachio
  3204 | D:4      | Slain by an ufetubus

Skill      XL: |  1  2  3  4  5  6 |
---------------+-------------------+-----
Axes           | 3 4 5 |  5.2
Dodging        | 2 |  2.7
Fighting       | 4 |  4.4
Stealth        | 1 |  1.2
Armour         | |  2.3

Action                   |  1- 3 |  4- 6 || total
-------------------------+-------+-------++-------
Melee: Hand axe          |    98 |   231 ||   329
Invok: Berserk           |       |     4 ||     4
  Use: Scroll            |       |     2 ||     2
 Stab: Sleeping          |       |     2 ||     2
  Eat: Chunk             |       |    10 ||    10
Armor: Animal skin       |    31 |    85 ||   116
Dodge: Dodged            |    73 |   181 ||   254
